Map: Iron Fortress LE (Void)

Players

tonnis

  • Race: Terran Terran

Manderda - Winner!

  • Race: Zerg Zerg

VOD

Have the link to the VOD?

Description

Time

  • Played on: May 6, 2015, 1:11 p.m.
  • Length: 13:54
Show
View Real Time Build Order
Export as new Build Order

tonnis Terran 

Build Orders: Reaper Expand, Mech 

Get SALT Encoding   

  12  0:01  SCV  
  13  0:13  SCV  
  14  0:18  Supply Depot  
  14  0:25  SCV  
  15  0:40  SCV  
  15  0:41  Barracks  
  16  0:44  Refinery  
  16  0:52  SCV  
  18  1:04  SCV  
  18  1:16  SCV  
  19  1:28  Orbital Command  
  19  1:29  Reaper  
  20  1:40  Command Center  
  20  1:51  Supply Depot  
  20  1:58  SCV  
  21  2:01  Reaper  
  22  2:10  SCV  
  23  2:22  SCV  
  24  2:33  Command Center, Reaper  
  25  2:40  Factory  
  25  2:49  SCV  
  26  2:52  Refinery  
  26  2:56  Orbital Command  
  26  3:01  SCV, Supply Depot  
  27  3:07  Barracks Reactor  
  27  3:13  SCV  
  28  3:22  SCV  
  28  3:24  Bunker  
  28  3:25  SCV  
  31  3:34  SCV  
  31  3:37  SCV  
  32  3:46  SCV, Orbital Command  
  33  3:50  SCV  
  33  3:53  Starport  
  33  3:54  Hellion  
  36  3:56  Supply Depot  
  36  3:58  SCV, Barracks Reactor  
  36  4:02  SCV  
  38  4:10  SCV  
  38  4:15  SCV  
  44  4:17  Hellion x2  
  44  4:22  SCV  
  45  4:27  Armory, Refinery, SCV  
  45  4:28  Refinery  
  46  4:31  SCV  
  46  4:34  SCV  
  48  4:39  SCV  
  48  4:41  Hellion x2  
  48  4:43  SCV  
  48  4:44  Medivac x2  
  58  4:46  SCV  
  58  4:51  SCV  
  58  4:52  Supply Depot  
  60  4:55  SCV  
  60  4:57  Factory  
  60  4:58  SCV  
  62  5:02  Hellion  
  62  5:03  SCV, Hellion, Barracks Tech Lab  
  62  5:05  Hellion x2  
  62  5:06  Hellion x2  
  67  5:08  SCV  
  67  5:11  SCV, Supply Depot x2  
  69  5:16  SCV, Factory  
  69  5:18  Medivac  
  72  5:23  SCV x2  
  72  5:28  SCV  
  75  5:35  SCV  
  76  5:46  SCV  
  78  5:50  Medivac x2  
  78  5:51  SCV  
  82  5:58  SCV  
  82  5:59  Barracks Tech Lab  
  82  6:01  Orbital Command  
  82  6:03  SCV  
  84  6:10  Missile Turret  
  84  6:11  SCV, Terran Vehicle and Ship Weapons Level 1  
  85  6:12  Armory  
  85  6:15  Missile Turret  
  85  6:16  Missile Turret  
  85  6:18  Missile Turret  
  85  6:19  Refinery, Missile Turret  
  85  6:20  Missile Turret x2  
  85  6:22  Infernal Pre-Igniter  
  85  6:23  Refinery  
  85  6:24  Missile Turret  
  85  6:27  SCV  
  85  6:29  SCV x2  
  85  6:32  Supply Depot  
  88  6:34  Supply Depot  
  88  6:35  Missile Turret  
  88  6:39  SCV  
  89  6:43  SCV  
  89  6:46  Siege Tank x2  
  98  6:47  Hellbat x2  
  100  6:55  Medivac x2  
  100  6:56  SCV  
  100  7:00  Supply Depot  
  105  7:02  Supply Depot, Missile Turret  
  105  7:04  SCV x2  
  105  7:07  Terran Vehicle And Ship Armor Level 1, Missile Turret  
  105  7:08  SCV  
  108  7:10  Engineering Bay  
  108  7:14  Hellbat  
  108  7:15  Hellbat  
  112  7:16  SCV  
  113  7:22  Supply Depot  
  113  7:24  Thor  
  99  7:44  Siege Tank  
  96  7:53  SCV x2  
  86  8:07  Siege Tank, Hellbat x2  
  86  8:16  Siege Tank  
  86  8:17  Orbital Command  
  85  8:38  SCV  
  85  8:39  Siege Tank  
  85  8:40  Hellbat x2  
  93  8:42  Terran Vehicle and Ship Weapons Level 2  
  93  8:43  Orbital Command  
  93  8:45  Factory  
  93  8:48  Factory, Siege Tank  
  96  8:51  SCV x2  
  98  9:03  SCV x2  
  98  9:09  SCV  
  101  9:15  SCV x2  
  103  9:18  Refinery  
  103  9:21  SCV  
  103  9:23  Siege Tank, Hellbat  
  103  9:24  Hellbat  
  111  9:25  Terran Vehicle And Ship Armor Level 2  
  111  9:27  SCV  
  111  9:28  Supply Depot x2  
  111  9:29  SCV  
  113  9:36  SCV  
  114  9:38  Command Center  
  114  9:39  SCV  
  114  9:41  Factory Reactor  
  103  9:55  SCV x2  
  103  9:57  SCV  
  106  10:03  Missile Turret  
  106  10:09  SCV x2  
  106  10:10  Siege Tank x2, Missile Turret  
  106  10:11  Missile Turret  
  114  10:26  Hellbat x2  
  114  10:27  Factory Tech Lab  
  114  10:28  Orbital Command  
  118  10:35  Starport  
  118  10:36  Starport  
  118  10:42  Siege Tank  
  119  10:45  Siege Tank, Hellbat  
  101  10:57  Siege Tank  
  101  10:58  Hellbat  
  106  11:07  Hellbat  
  106  11:08  Hellbat  
  110  11:14  Siege Tank  
  110  11:17  Siege Tank  
  113  11:29  SCV, Siege Tank  
  117  11:36  Missile Turret  
  117  11:38  Missile Turret  
  108  11:42  Starport Tech Lab  
  108  11:43  Starport Tech Lab  
  103  11:49  Missile Turret  
  103  11:51  Missile Turret  
  103  11:53  SCV, Missile Turret  
  104  11:56  Planetary Fortress, Fusion Core  
  104  11:58  SCV, Missile Turret  
  105  12:02  Hellbat x7  
  105  12:03  Missile Turret  
  119  12:08  Refinery  
  119  12:09  Refinery  
  119  12:11  Banshee x2  
  115  12:23  Hellbat x5  
  115  12:24  Hellbat x2  
  110  12:42  Orbital Command  
  104  12:44  Hellbat  
  104  12:47  Siege Tank, Hellbat x2  
  107  12:54  Banshee x2  
  107  13:06  SCV x2  
  107  13:11  SCV x2  
  111  13:31  Missile Turret  
  111  13:32  SCV x2  
  113  13:38  Missile Turret  
  125  13:52  Refinery  
Show
View Real Time Build Order
Export as new Build Order

Manderda Zerg - Winner!

Build Orders: Hatch First 

Get SALT Encoding   

  12  0:01  Drone  
  13  0:12  Overlord  
  13  0:17  Drone  
  14  0:30  Drone x2  
  14  0:35  Drone  
  17  0:45  Drone  
  18  0:56  Hatchery  
  17  1:00  Drone  
  18  1:11  Spawning Pool  
  17  1:14  Drone  
  18  1:19  Drone  
  19  1:28  Overlord  
  19  1:42  Drone  
  20  1:51  Drone  
  23  2:05  Queen  
  23  2:08  Drone  
  24  2:09  Queen  
  24  2:11  Spine Crawler  
  24  2:13  Zergling x2  
  25  2:20  Drone x2  
  27  2:23  Overlord  
  27  2:32  Drone x2  
  29  2:40  Overlord  
  29  2:41  Queen  
  29  2:43  Drone  
  32  2:51  Drone  
  32  2:53  Queen  
  32  2:54  Overlord  
  35  3:02  Drone  
  35  3:05  Zergling x2  
  37  3:12  Drone  
  38  3:15  Drone  
  38  3:19  Drone x4  
  43  3:20  Drone x4  
  46  3:40  Zergling x6  
  48  3:51  Extractor x2  
  48  3:52  Drone x3, Extractor  
  48  3:53  Drone, Extractor  
  47  4:32  Drone x4  
  47  4:36  Evolution Chamber x2  
  47  4:37  Drone x3  
  52  4:40  Roach Warren  
  52  4:42  Drone x6  
  52  4:43  Lair  
  57  4:53  Metabolic Boost  
  57  4:57  Overlord  
  57  4:58  Overlord x3  
  57  5:07  Hatchery  
  56  5:12  Zerg Missile Weapons Level 1  
  56  5:13  Zerg Ground Armor Level 1  
  56  5:14  Overlord  
  56  5:27  Roach x6  
  56  5:28  Spine Crawler x2  
  66  5:46  Glial Reconstitution  
  66  5:48  Burrow  
  66  5:49  Roach x2  
  70  6:12  Hatchery  
  70  6:15  Roach  
  70  6:16  Hatchery, Roach x10  
  90  6:44  Infestation Pit  
  90  6:45  Drone x4  
  93  6:47  Overseer  
  93  6:50  Ravager x2  
  93  6:51  Ravager  
  96  7:07  Zerg Missile Weapons Level 2  
  96  7:14  Drone x2  
  96  7:15  Drone x2  
  100  7:18  Overlord x4  
  88  7:48  Queen  
  88  7:51  Extractor  
  88  7:52  Extractor  
  90  8:25  Zerg Ground Armor Level 2  
  76  8:35  Roach  
  76  8:36  Roach x10  
  94  8:52  Drone x9  
  103  9:01  Queen  
  105  9:03  Drone  
  105  9:05  Ravager x4  
  105  9:08  Roach x3  
  116  9:12  Zergling x14  
  116  9:13  Zergling x2  
  120  9:27  Extractor x2  
  118  9:37  Roach x9  
  136  9:39  Overlord  
  127  9:53  Ravager x4  
  131  10:16  Hive  
  131  10:21  Spire  
  118  11:04  Roach  
  118  11:05  Roach x12  
  118  11:08  Overlord x3  
  118  11:09  Overlord  
  142  11:18  Roach x13  
  132  11:45  Roach  
  132  11:46  Roach x15  
  152  11:48  Ravager x5  
  152  11:49  Ravager x3  
  156  11:58  Drone  
  123  12:39  Corruptor  
  123  12:40  Corruptor x7  
  98  12:59  Roach  
  98  13:00  Roach x12  
  120  13:25  Drone x2  
  122  13:31  Extractor  
  122  13:32  Hatchery  
  120  13:35  Roach x2, Extractor  
Tags
 
Add a new tag
Caveats
  • Supply blocks, unpowered buildings, or Contaminate may cause inaccurate times.
  • Supply counts are checked every 10 seconds.